 Dungeon Crawl Stone Soup version 0.29-a0-721-g7f417c9bbb (webtiles) character file.

Game seed: 4328459472647110681

72 dolemite99 the Shooter (level 4, 0/37 HPs)
             Began as a Minotaur Hunter on June 27, 2022.
             Was a Follower of the Shining One.
             Slain by a gnoll
             ... wielding a +3 whip
              (9 damage)
             ... on level 2 of the Dungeon.
             The game lasted 00:01:54 (2172 turns).

dolemite99 the Shooter (Minotaur Hunter)            Turns: 2172, Time: 00:01:55

Health: 0/37       AC:  8    Str: 14 (16) XL:     4   Next: 6%
Magic:  3/3        EV:  9    Int:  4 (6)  God:    the Shining One [*.....]
Gold:   115        SH:  0    Dex: 14 (15) Spells: 3/3 levels left

rFire   . . .      SeeInvis .   a - +0 shortbow
rCold   . . .      Faith    .   (shield currently unavailable)
rNeg    . . .      Spirit   .   q - +2 scale mail {Will+}
rPois   .          Reflect  .   (helmet restricted)
rElec   .          Harm     .   (no cloak)
rCorr   .          Rampage  .   (no gloves)
Will    +....                   (no boots)
Stlth   ..........              (no amulet)
HPRegen 0.12/turn               (no ring)
MPRegen 0.08/turn               (no ring)

@: glowing
A: horns 2, retaliatory headbutt
a: Renounce Religion, Divine Shield


You were on level 2 of the Dungeon.
You worshipped the Shining One.
The Shining One was aware of your devotion.
You visited 1 branch of the dungeon, and saw 3 of its levels.

You collected 115 gold pieces.

Inventory:

Hand Weapons
 a - a +0 shortbow (weapon)
 o - a +0 war axe
Missiles
 g - 6 silver javelins
 i - 5 poisoned darts
Armour
 c - a +0 leather armour
 e - a +0 ring mail
 k - a +0 chain mail
 q - a +2 scale mail of willpower (worn)
Wands
 h - a wand of iceblast (12)
Scrolls
 b - a scroll of immolation
 d - a scroll of amnesia {unknown}
 f - 3 scrolls of identify {unknown}
 l - a scroll of noise {unknown}
 m - a scroll of silence {unknown}
Potions
 j - a potion of brilliance {unknown}
 n - a potion of resistance {unknown}
 p - a potion of mutation {unknown}


   Skills:
 - Level 2.4 Fighting
 + Level 6.2 Ranged Weapons
 - Level 2.1 Dodging
 - Level 0.7 Stealth


You had 3 spell levels left.
You didn't know any spells.
Your spell library contained the following spells:

 Spells                   Type           Power      Damage    Failure   Level
 Static Discharge         Conj/Air       0%         N/A       98%         2
 Conjure Flame            Conj/Fire      0%         6-21      100%        3
 Gell's Gravitas          Tloc           0%         N/A       100%        3
 Ignite Poison            Fire/Tmut/Pois 0%         N/A       100%        3
 Lesser Beckoning         Tloc           0%         N/A       100%        3
 Teleport Other           Tloc           0%         N/A       100%        3
 Sticky Flame             Conj/Fire      0%         2d3       100%        4
 Lightning Bolt           Conj/Air       0%         1d11      100%        5
 Conjure Ball Lightning   Conj/Air       0%         3x3d6     100%        6
 Discord                  Hex            0%         N/A       100%        8
 Disjunction              Tloc           0%         N/A       100%        8
 Maxwell's Capacitive Co  Air            0%         ∞         100%        8


Dungeon Overview and Level Annotations

Branches:
Dungeon (3/15)

Altars:
The Shining One


Innate Abilities, Weirdness & Mutations

You have a pair of horns on your head.
You reflexively headbutt those who attack you in melee.


Message History

The gnoll barely misses you. You furiously retaliate!
You headbutt the gnoll!
Fire: a) +0 shortbow
Press: ? - help, Q - select action, (/) - cycle Shift-Dir - straight line, f/p - gnoll
Aim: a gnoll, wielding a +0 club (severely wounded, haloed, 83% to hit)
You shoot an arrow. The arrow barely misses the gnoll.
The arrow hits the gnoll.
The gnoll is heavily wounded.
The gnoll hits you with a +0 club.
Fire: a) +0 shortbow
Press: ? - help, Q - select action, (/) - cycle Shift-Dir - straight line, f/p - gnoll
Aim: a gnoll, wielding a +0 club (severely wounded, haloed, 83% to hit)
You shoot an arrow. The arrow hits the gnoll.
The gnoll is severely wounded.
The gnoll hits you with a +0 club.
Fire: a) +0 shortbow
Press: ? - help, Q - select action, (/) - cycle Shift-Dir - straight line, f/p - gnoll
Aim: a gnoll, wielding a +0 club (severely wounded, haloed, 83% to hit)
You shoot an arrow. The arrow hits the gnoll!
You kill the gnoll!
The gnoll hits you with a +3 whip.
You feel your intelligence returning.
You have reached level 4!
You feel stronger.
Okay, then.
Fire: a) +0 shortbow
Press: ? - help, Q - select action, (/) - cycle Shift-Dir - straight line, f - gnoll
Aim: a gnoll, wielding a +3 whip (heavily wounded, haloed, 83% to hit)
You shoot an arrow. The arrow hits the gnoll.
The gnoll is severely wounded.
The gnoll hits you with a +3 whip.
Fire: a) +0 shortbow
Press: ? - help, Q - select action, (/) - cycle Shift-Dir - straight line, f/p - gnoll
Aim: a gnoll, wielding a +3 whip (severely wounded, haloed, 83% to hit)
You shoot an arrow.
The arrow hits the gnoll but does no damage.
The gnoll is severely wounded.
The gnoll hits you with a +3 whip.
* * * LOW HITPOINT WARNING * * *
The gnoll hits you with a +3 whip!
You die...

#.#.#########.#.# #.# .###.....#
#.#.# #.# #.#.####.# #.#.# #.#
##.## #.# ##.#.# #.# #.#
#.###....# #.# ##.# #........#
#.# .#.# #####...## #.#########
...##########.#########.#........
.........)>...gg@...............#
..............###..############.#
........####### #..# ###.#
†######.# #..# ##.#.# .# #.# #..#
#....# .# #.#########..# ##.###
.# #.........#..# #.# .#
#########.#..### #.# .# ##.#....#
###.###


You could see 2 gnolls.

Vanquished Creatures
  Ijyb (D:2)
  A gnoll (D:2)
  2 worms (D:2)
  A bat (D:2)
  2 endoplasms
  2 giant cockroaches
  A goblin (D:1)
  2 hobgoblins
  4 jackals (D:2)
  A kobold (D:2)
  A quokka (D:1)
  4 ball pythons
  3 frilled lizards
  5 rats
30 creatures vanquished.

Vanquished Creatures (others)
  A plant (D:1)
1 creature vanquished.

Grand Total: 31 creatures vanquished

Notes
Turn   | Place    | Note
-------+----------+-------------------------------------------
     0 | D:1      | dolemite99 the Minotaur Hunter began the quest for the Orb.
     0 | D:1      | Reached XP level 1. HP: 18/18 MP: 0/0
   578 | D:1      | Reached XP level 2. HP: 25/25 MP: 1/1
   844 | D:1      | Found a faded altar of an unknown god.
   905 | D:1      | Prayed at the altar of an unknown god.
   905 | D:1      | Became a worshipper of the Shining One
   905 | D:1      | Reached * piety under the Shining One
   929 | D:1      | Reached skill level 5 in Ranged Weapons
  1431 | D:2      | Reached XP level 3. HP: 30/30 MP: 2/2
  1747 | D:3      | Noticed Ijyb
  1771 | D:2      | Killed Ijyb
  1772 | D:2      | Reached skill level 6 in Ranged Weapons
  2171 | D:2      | Reached XP level 4. HP: 16/37 MP: 3/3
  2172 | D:2      | Slain by a gnoll

Illustrated notes

Levels and vault maps discovered:
D:1:      dpeg_arrival_rooms_with_view, layout_basic,
          shapermc_ecumenical_altar_gd, serial_park_tiny_1,
          grunt_decor_one_mirror
D:2:      layout_loops_ring
D:3:      layout_basic, lightli_temple_of_fire, gup_sewer_entry_bowl,
          gammafunk_ghost_necromancy, uniq_ijyb

Skill      XL: |  1  2  3 |
---------------+----------+-----
Ranged Weapons | 5 6 |  6.2
Fighting       | |  2.4
Dodging        | |  2.1
Stealth        | |  0.7

Action                   |  1- 3 |  4- 6 || total
-------------------------+-------+-------++-------
 Fire: Shortbow          |    90 |     2 ||    92
  Use: Potion            |     2 |       ||     2
Armor: Chain mail        |    29 |       ||    29
       Ring mail         |     1 |       ||     1
       Scale mail        |     4 |       ||     4
       Skin              |     3 |       ||     3
Dodge: Dodged            |    36 |       ||    36

Table legend: (Time is in decaauts)
 A = Elapsed time spent in this place.
 B = Non-inter-level travel time spent in this place.
 C = Inter-level travel time spent in this place.
 D = Time resting spent in this place.
 E = Time spent auto-exploring this place.
 F = Levels seen in this place.
 G = Mean time per level.
                   A        B        C        D        E       F      G
               +--------+--------+--------+--------+--------+-----+--------+
         Total |   2230 |   2183 |     47 |    380 |   1448 |   3 |  743.3 |
       Dungeon |   2230 |   2183 |     47 |    380 |   1448 |   3 |  743.3 |
               +--------+--------+--------+--------+--------+-----+--------+

Top non-repeatable levels by time:
     D:2: 1131 daAuts
     D:1: 1088 daAuts
     D:3: 9 daAuts
